 Dungeon Crawl Stone Soup version 0.26.1-2-gb8aa6d0cf2 (webtiles) character file.

Game seed: 16143616706445992557

80 Phaedo the Cudgeller (level 4, -1/40 HPs)
             Began as a Palentonga Delver on Mar 29, 2021.
             Was an Initiate of Nemelex Xobeh.
             Killed from afar by Natasha (9 damage)
             ... with a magic dart
             ... on level 2 of the Dungeon.
             The game lasted 00:07:32 (2275 turns).

Phaedo the Cudgeller (Palentonga Delver)            Turns: 2275, Time: 00:07:33

Health: -1/40      AC:  4    Str: 16    XL:     4   Next: 18%
Magic:  4/4        EV: 10    Int: 11    God:    Nemelex Xobeh [......]
Gold:   82         SH:  0    Dex: 11    Spells: 3/3 levels left

rFire    . . .     SeeInvis +   a - +0 mace
rCold    . . .     Faith    .   (no shield)
rNeg     . . .     Spirit   .   b - +0 leather armour
rPois    .         Reflect  .   (no helmet)
rElec    .         Harm     .   (no cloak)
rCorr    .         Rampage  .   (no gloves)
Will     .....                  (no barding)
Stlth    ++........             (no amulet)
HPRegen  0.13/turn              (no ring)
MPRegen  0.09/turn              (no ring)

@: hasted, very quick
A: large, rugged brown scales 3, see invisible, deformed body, roll 1, armoured
tail
a: Rolling Charge, Renounce Religion, Draw Escape, Draw Destruction, Draw
Summoning


You were on level 2 of the Dungeon.
You worshipped Nemelex Xobeh.
Nemelex Xobeh was noncommittal.
You visited 1 branch of the dungeon, and saw 5 of its levels.

You collected 82 gold pieces.

Inventory:

Hand Weapons
 a - a +0 mace (weapon)
Missiles
 e - 16 poisoned darts (quivered)
Armour
 b - a +0 leather armour (worn)
Jewellery
 h - an uncursed amulet of magic regeneration {unknown}
 o - a +4 ring of protection {unknown}
Wands
 f - a wand of enslavement (7)
 g - a wand of digging (3)
Scrolls
 c - a scroll of fog
 d - a scroll of identify {unknown}
 m - a scroll of teleportation {unknown}
 n - a scroll of blinking {unknown}
Potions
 i - a potion of mutation {unknown}
 j - 3 potions of curing
 l - a potion of heal wounds {unknown}
 p - a potion of might {unknown}


   Skills:
 - Level 3.0 Fighting
 * Level 3.8 Maces & Flails
 + Level 2.4 Dodging
 - Level 3.3 Stealth


You had 3 spell levels left.
You didn't know any spells.
Your spell library was empty.

Dungeon Overview and Level Annotations

Branches:
Dungeon (5/15)
 Temple: D:4-7

Altars:
Elyvilon
Hepliaklqana
Kikubaaqudgha
Nemelex Xobeh
Sif Muna
Yredelemnul

Shops:
D:5 (

Annotations:
D:2 Natasha


Innate Abilities, Weirdness & Mutations

You are completely covered in rugged brown scales. (AC +3, +7% HP)
You have supernaturally acute eyesight. (SInv)
Armour fits poorly on your strangely shaped body.
You can roll at nearby foes to attack.
You have a long armoured tail.


Message History

Natasha casts a spell at you. The magic dart hits you!
The white imp gestures at you. The puff of frost hits you!
* * * LOW HITPOINT WARNING * * *
It was a potion of curing.
You feel better.
You hit the rat.
You kill the rat!
The white imp barely misses you.
Okay, then.
You feel yourself speed up.
The white imp disappears in a puff of smoke!
Natasha claws you!
* * * LOW HITPOINT WARNING * * *
You hit Natasha.
Natasha is lightly wounded.
Natasha stares at you and mumbles some strange words.
The magic dart hits you!
You die...
Your body disappears without a glow.

##.##'## #†# ##.##.### #.#
##......# #.# ##.##.#.#
#.#######
+.....#.######........
.#..#.#.#.........###########
....#.#.#........)..........##
._..#.#.'........h.#....$....#
......###.......@§.#.........#
......# #..........#........$+
......# #..........#.........#
._.#..# #..........#.........#
..†.#.# #........).#.........#
.#..#.###..........###########
.##.#>.....#######.#
.##.######## #.# .##.# #.#


You could see Natasha.

Vanquished Creatures
  2 adders (D:2)
  An ooze (D:4)
  2 dart slugs
  5 leopard geckos
  2 orcs (D:3)
  2 giant cockroaches
  A goblin (D:1)
  9 hobgoblins
  5 jackals
  4 kobolds
  A quokka (D:3)
  A ball python (D:3)
  2 bats (D:1)
  3 frilled lizards
  4 rats
44 creatures vanquished.

Notes
Turn   | Place    | Note
-------+----------+-------------------------------------------
     0 | D:5      | Phaedo the Palentonga Delver began the quest for the Orb.
     0 | D:5      | Reached XP level 1. HP: 20/20 MP: 1/1
     0 | D:5      | Found Zunufom's Antique Weapon Shoppe.
    24 | D:4      | Noticed an ogre
    52 | D:4      | Noticed an orc wizard
   101 | D:4      | Noticed a hound
   335 | D:3      | Reached XP level 2. HP: 17/27 MP: 2/2
   704 | D:2      | Noticed Jessica
   729 | D:2      | Found a white marble altar of Elyvilon.
   731 | D:2      | Found an ancient bone altar of Kikubaaqudgha.
   736 | D:2      | Found a hazy altar of Hepliaklqana.
   736 | D:2      | Found a basalt altar of Yredelemnul.
   736 | D:2      | Found a shimmering blue altar of Sif Muna.
   753 | D:2      | Reached XP level 3. HP: 33/33 MP: 3/3
   774 | D:2      | Found a sparkling altar of Nemelex Xobeh.
   778 | D:2      | Became a worshipper of Nemelex Xobeh the Trickster
  1559 | D:1      | Reached XP level 4. HP: 20/40 MP: 4/4
  2260 | D:2      | Noticed Natasha
  2275 | D:2      | Killed from afar by Natasha

Illustrated notes

Levels and vault maps discovered:
D:1:      dpeg_arrival_stone_temple_mockup, layout_rooms, serial_corexii_hall,
          corexii_hall_statues_l, corexii_hall_statues_i
D:2:      layout_basic, grunt_temple_overflow_open, nemelex_lonely_heart_becter,
          uniq_natasha, uniq_jessica
D:3:      kb_forest_paths, layout_loops_ring, uniq_sigmund
D:4:      layout_rooms, kennysheep_small_spiral, kennysheep_generic_room_15,
          uniq_robin
D:5:      layout_loops_ring, kennysheep_mini, serial_co_window_serial,
          co_window_cross_1, co_window_corner_a, co_window_paths_b,
          co_window_paths_a, co_window_of_opportunity_a, co_window_corner_ca,
          co_window_of_opportunity_c, co_window_of_opportunity_b,
          co_window_of_opportunity_b, co_window_of_opportunity_c,
          co_window_4corner_b, co_window_4corner_a, glass_columns_b,
          glass_columns_a, glass_columns_a, serial_shops, shop_statue,
          uniq_blork_the_orc, uniq_pikel

Skill      XL: |  1  2 |
---------------+-------+-----
Dodging        | 2 |  2.4
Maces & Flails | 3 |  3.8
Fighting       | |  3.0
Stealth        | |  3.3

Action                   |  1- 3 |  4- 6 || total
-------------------------+-------+-------++-------
Melee: Mace              |    91 |    36 ||   127
       Tailslap          |     5 |     1 ||     6
Throw: Dart              |     7 |       ||     7
 Abil: Rolling Charge    |     8 |     1 ||     9
  Use: Scroll            |     2 |       ||     2
       Potion            |     1 |     2 ||     3
 Stab: Sleeping          |     2 |       ||     2
       Distracted        |     1 |       ||     1
Armor: Leather armour    |    30 |    19 ||    49
Dodge: Dodged            |    52 |    24 ||    76
